[Event "December 19 Late 2023"]
[Site "https://www.chess.com"]
[Date "2023.12.19"]
[Round "1"]
[White "Domingo Nunez, Alejandro"]
[Black "Polster, Christian"]
[Result "1-0"]
[Board "129"]
[TimeControl "180+1"]
[WhiteFideId "22245561"]
[BlackFideId "12965081"]
[WhiteElo "2252"]
[BlackElo "2141"]
[WhiteTeam "ESP"]
[BlackTeam "GER"]
[WhiteClock "0:00:25"]
[BlackClock "0:00:00"]

1. e4 c6 2. Nf3 d5 3. Nc3 dxe4 4. Nxe4 Nf6 5. Nxf6+ exf6 6. d4 Bd6 7. h3 O-O 8. Be2 Re8 9. O-O Nd7 10. Re1 Nf8 11. Be3 Ng6 12. Qd2 Be6 13. c4 Qc7 14. d5 cxd5 15. cxd5 Bd7 16. Rac1 Qd8 17. Nd4 a6 18. Bd3 Rc8 19. Nf5 Bf8 20. Bb1 Ne5 21. Qd4 Qa5 22. d6 g6 23. Ne7+ Bxe7 24. dxe7 Rxc1 25. Rxc1 Rxe7 26. Qd6 Qd8 27. Qxf6 Re8 28. Qxd8 Rxd8 29. Rd1 Nc6 30. Bb6 Bg4 31. Rxd8+ Nxd8 32. hxg4 Ne6 33. Be4 1-0

[Event "December 19 Late 2023"]
[Site "https://www.chess.com"]
[Date "2023.12.19"]
[Round "1"]
[White "BenchGM"]
[Black "Rojas Alarcon, Julian Antonio"]
[Result "0-1"]
[Board "130"]
[TimeControl "180+1"]
[BlackFideId "5107407"]
[WhiteElo "2272"]
[BlackElo "2340"]
[BlackTeam "MEX"]
[WhiteClock "0:00:03"]
[BlackClock "0:01:50"]

1. e4 c5 2. Nf3 d6 3. d4 cxd4 4. Nxd4 Nf6 5. Nc3 g6 6. Be3 Bg7 7. f3 O-O 8. Qd2 Nc6 9. O-O-O d5 10. Qe1 e5 11. Nxc6 bxc6 12. exd5 Nxd5 13. Bc4 Be6 14. Ne4 Qc7 15. Bc5 Rfd8 16. Qh4 h6 17. g4 Rab8 18. g5 h5 19. Qf2 Nf4 20. Bxe6 Nxe6 21. Bd6 Qa5 22. Bxb8 Rxb8 23. Kb1 Nxg5 24. Qc5 Qxc5 25. Nxc5 Nxf3 26. Rd7 e4 27. Nxe4 Rxb2+ 28. Kc1 Rxa2 29. Kd1 Ra1+ 30. Ke2 Rxh1 31. Kxf3 Rxh2 32. Rd8+ Bf8 33. Nf6+ Kg7 34. Ne8+ Kh6 35. Nf6 Bg7 36. Ng8+ Kh7 37. Ne7 Bf6 38. Rd7 Bxe7 39. Rxe7 Kg7 40. Rxa7 Rxc2 0-1

[Event "December 19 Late 2023"]
[Site "https://www.chess.com"]
[Date "2023.12.19"]
[Round "1"]
[White "Ozates, Tuna"]
[Black "Hon, Eric"]
[Result "1-0"]
[Board "131"]
[TimeControl "180+1"]
[WhiteFideId "6354521"]
[BlackFideId "2097117"]
[WhiteElo "2151"]
[BlackElo "1918"]
[WhiteTeam "TUR"]
[BlackTeam "USA"]
[WhiteClock "0:01:43"]
[BlackClock "0:00:41"]

1. e4 c5 2. Nf3 d6 3. c3 Nf6 4. Bd3 g6 5. Bc2 Bg7 6. h3 O-O 7. O-O Nc6 8. d4 cxd4 9. cxd4 d5 10. e5 Ne8 11. Nc3 a6 12. Re1 Bf5 13. Bb3 e6 14. g4 Be4 15. Nxe4 dxe4 16. Rxe4 Nc7 17. Bg5 Qd7 18. Qd2 a5 19. Rd1 a4 20. Bc2 Nd5 21. h4 f6 22. Bh6 fxe5 23. Nxe5 Nxe5 24. dxe5 Bxh6 25. Qxh6 Qc6 26. Bb1 a3 27. h5 gxh5 28. gxh5 Kh8 29. Rg4 Rg8 30. Qxh7# 1-0

[Event "December 19 Late 2023"]
[Site "https://www.chess.com"]
[Date "2023.12.19"]
[Round "1"]
[White "Player, Edmund C"]
[Black "Hajiyev, Kanan"]
[Result "0-1"]
[Board "132"]
[TimeControl "180+1"]
[WhiteFideId "406520"]
[BlackFideId "13404148"]
[WhiteElo "2015"]
[BlackElo "2102"]
[WhiteTeam "ENG"]
[BlackTeam "AZE"]
[WhiteClock "0:00:00"]
[BlackClock "0:00:23"]

1. Nc3 c6 2. e4 d5 3. d4 a6 4. Nf3 Bg4 5. h3 Bh5 6. g4 Bg6 7. Bd3 e6 8. Ne5 Nf6 9. Bg5 Be7 10. Nxg6 hxg6 11. e5 Nfd7 12. Bxe7 Qxe7 13. Qd2 c5 14. dxc5 Qxc5 15. f4 Nc6 16. O-O-O Rc8 17. Kb1 b5 18. Ne2 Nb6 19. f5 gxf5 20. gxf5 Nc4 21. Qg5 N6xe5 22. Qxg7 Qf8 23. Qg5 Qb4 24. Bxc4 Nxc4 25. Qg7 Qf8 26. f6 Kd7 27. Nf4 Rg8 28. Qh7 Kc6 29. Rdg1 Qb4 30. Nd3 Qf8 31. Rxg8 Qxg8 32. Qg7 e5 33. h4 e4 34. Nf4 Qf8 35. Qxf8 Rxf8 36. h5 Rh8 37. Rg1 Kd6 38. Ng6 Ne5 39. Nxh8 Ke6 40. Rg7 Kxf6 41. Rg8 e3 42. Ra8 e2 0-1

[Event "December 19 Late 2023"]
[Site "https://www.chess.com"]
[Date "2023.12.19"]
[Round "1"]
[White "Ambartsumova, Karina"]
[Black "Kaganskiy, Gleb"]
[Result "1-0"]
[Board "133"]
[TimeControl "180+1"]
[WhiteFideId "4166299"]
[BlackFideId "4132025"]
[WhiteElo "2240"]
[BlackElo "2128"]
[WhiteTeam "RUS"]
[BlackTeam "ISR"]
[WhiteClock "0:01:45"]
[BlackClock "0:00:19"]

1. d4 d5 2. c4 e6 3. Nc3 Nf6 4. cxd5 exd5 5. Bg5 Be7 6. e3 O-O 7. Bd3 c6 8. Qc2 h6 9. Bh4 Ne8 10. Bg3 Nd6 11. Nf3 Re8 12. O-O Bf8 13. Ne5 Nd7 14. f4 Nf6 15. Bh4 Be7 16. Rae1 Nfe4 17. Bxe7 Qxe7 18. Nxe4 Nxe4 19. Bxe4 dxe4 20. f5 Qf6 21. Qxe4 c5 22. Qf4 b6 23. Ng4 Qg5 24. Qg3 Bxf5 25. Rxf5 Qxf5 26. Nxh6+ 1-0

[Event "December 19 Late 2023"]
[Site "https://www.chess.com"]
[Date "2023.12.19"]
[Round "1"]
[White "Fernandez Hernandez, Gerardo"]
[Black "Antunez Soler, Luis"]
[Result "1/2-1/2"]
[Board "134"]
[TimeControl "180+1"]
[WhiteFideId "2207400"]
[BlackFideId "3513335"]
[WhiteElo "2259"]
[BlackElo "2154"]
[WhiteTeam "ESP"]
[BlackTeam "CUB"]
[WhiteClock "0:00:04"]
[BlackClock "0:00:04"]

1. e4 e6 2. d3 d5 3. Nd2 Nf6 4. Ngf3 b6 5. e5 Nfd7 6. d4 c5 7. c3 Nc6 8. a3 Be7 9. Bd3 f6 10. O-O O-O 11. Re1 f5 12. b4 cxd4 13. cxd4 a6 14. Nb3 b5 15. Nc5 Nb6 16. g3 Nc4 17. h4 h6 18. Be3 a5 19. Qb3 axb4 20. axb4 Rxa1 21. Rxa1 g5 22. hxg5 hxg5 23. Ra8 Qb6 24. Bxg5 Bxg5 25. Nxg5 Nxd4 26. Qd1 Nxe5 27. Qh5 Qc7 28. Rxc8 Rxc8 29. Ngxe6 Ndf3+ 30. Kg2 Qh7 31. Qxh7+ Kxh7 32. Bxf5+ Kh8 33. g4 Ra8 34. Kg3 Ra3 35. Kf4 Kg8 36. Ng5 Nxg5 37. Kxe5 Rf3 38. Be6+ Kg7 39. Bxd5 Rxf2 40. Bc6 Rb2 41. Bxb5 Rxb4 42. Bd3 Nf7+ 43. Kf5 Rb2 44. Be4 Ra2 45. Ne6+ Kg8 46. g5 Ra5+ 47. Kg6 Ne5+ 48. Kf6 Nd7+ 49. Kg6 Ra6 50. Bd5 Nf8+ 51. Kf6 Nd7+ 52. Kg6 Nf8+ 53. Kf6 Nh7+ 54. Kf5 Kh8 55. g6 Ra7 56. gxh7 Rxh7 57. Ng5 Rh5 58. Bf7 Rxg5+ 59. Kxg5 1/2-1/2

[Event "December 19 Late 2023"]
[Site "https://www.chess.com"]
[Date "2023.12.19"]
[Round "1"]
[White "Sivakumar, Shaaketh"]
[Black "Igel2023"]
[Result "1-0"]
[Board "135"]
[TimeControl "180+1"]
[WhiteFideId "30940176"]
[WhiteElo "2292"]
[BlackElo "2248"]
[WhiteTeam "USA"]
[WhiteClock "0:01:50"]
[BlackClock "0:01:00"]

1. c4 Nf6 2. Nf3 c5 3. g3 d5 4. cxd5 Nxd5 5. Bg2 Nc6 6. Nc3 Nc7 7. O-O e5 8. d3 Be7 9. Be3 b6 10. Rc1 Bd7 11. a3 Rc8 12. Nd2 O-O 13. Nd5 Nxd5 14. Bxd5 Bh3 15. Bg2 Qd7 16. Nc4 Bxg2 17. Kxg2 f5 18. f4 exf4 19. Bxf4 Nd4 20. e3 Ne6 21. Ne5 Qd5+ 22. Qf3 Rfd8 23. h4 Nxf4+ 24. gxf4 Qxf3+ 25. Kxf3 Bf6 26. Rfd1 Bxe5 27. fxe5 Rd5 28. d4 cxd4 29. Rxc8+ 1-0

[Event "December 19 Late 2023"]
[Site "https://www.chess.com"]
[Date "2023.12.19"]
[Round "1"]
[White "Silvestre, Christian"]
[Black "Titus, Andrew"]
[Result "1-0"]
[Board "136"]
[TimeControl "180+1"]
[WhiteFideId "30956269"]
[BlackFideId "2059770"]
[WhiteElo "2241"]
[BlackElo "2061"]
[WhiteTeam "USA"]
[BlackTeam "USA"]
[WhiteClock "0:00:20"]
[BlackClock "0:00:03"]

1. e4 c5 2. Nc3 Nc6 3. f4 g6 4. Nf3 Bg7 5. Bc4 e6 6. d3 Nge7 7. O-O O-O 8. f5 gxf5 9. Qe1 fxe4 10. dxe4 d5 11. exd5 exd5 12. Bd3 Ng6 13. Bg5 Qd6 14. Nh4 Nd4 15. Nxg6 fxg6 16. Rxf8+ Bxf8 17. Qh4 Bf5 18. Bf4 Qd7 19. Be5 Bg7 20. Bxg7 Kxg7 21. Re1 Re8 22. Rxe8 Qxe8 23. Nxd5 Qe5 24. Qe7+ Qxe7 25. Nxe7 Be6 26. Be4 Kf6 27. Nd5+ Ke5 28. Nc3 b5 29. Bd3 b4 30. Nd1 c4 31. Bf1 Nxc2 32. Kf2 a5 33. Ke2 a4 34. Kd2 Nd4 35. Ne3 b3 36. Nxc4+ Kf4 37. axb3 Nxb3+ 38. Kc3 Nc5 39. Nb6 Ne4+ 40. Kd4 Nd2 41. Bd3 Nb3+ 42. Kc3 Ke3 43. Nxa4 Nc5 44. Nxc5 Bd5 45. g3 h5 46. b4 h4 47. gxh4 Kf4 48. Bxg6 Kg4 49. h5 Kg5 50. Kd4 1-0

[Event "December 19 Late 2023"]
[Site "https://www.chess.com"]
[Date "2023.12.19"]
[Round "1"]
[White "Cobysters"]
[Black "Sarkar, Justin"]
[Result "0-1"]
[Board "137"]
[TimeControl "180+1"]
[BlackFideId "2010011"]
[WhiteElo "2594"]
[BlackElo "2138"]
[BlackTeam "USA"]
[WhiteClock "0:01:28"]
[BlackClock "0:00:04"]

1. c4 Nf6 2. Nc3 e6 3. e4 d5 4. cxd5 exd5 5. e5 Ne4 6. Nf3 Nc6 7. d4 Bg4 8. Be2 Bb4 9. Bd2 Bxf3 10. gxf3 Nxd2 11. Qxd2 O-O 12. O-O-O f6 13. f4 fxe5 14. fxe5 Rxf2 15. Qe3 Rf7 16. Rhg1 Bxc3 17. Qxc3 Qh4 18. Qe3 Qf4 19. Qxf4 Rxf4 20. Rg4 Raf8 21. Rdg1 Rxg4 22. Rxg4 Rf2 23. Bd1 Rxh2 24. Bb3 Ne7 25. Rf4 h5 26. e6 Re2 27. Rh4 g6 28. Rf4 Rxe6 29. Kd2 Kg7 30. Kd3 g5 31. Rf1 h4 32. Bd1 Rf6 33. Re1 Ng6 34. Bg4 Nf4+ 35. Kc3 h3 36. Rh1 Rh6 37. Kd2 Rh4 38. Bf5 g4 39. Ke3 g3 40. Kf3 g2 41. Rg1 h2 42. Rxg2+ Nxg2 43. Bh3 h1=Q 44. Bxg2 Qxg2+ 45. Kxg2 Rxd4 46. Kf3 Rd2 47. Ke3 Rxb2 48. a4 Ra2 49. a5 Rxa5 50. Kd4 c6 51. Ke5 Kf7 52. Kd4 Ke6 53. Ke3 c5 0-1

[Event "December 19 Late 2023"]
[Site "https://www.chess.com"]
[Date "2023.12.19"]
[Round "1"]
[White "De Souza, Cristiano Gomes"]
[Black "Deng, Henry"]
[Result "0-1"]
[Board "138"]
[TimeControl "180+1"]
[WhiteFideId "2151758"]
[BlackFideId "30965454"]
[WhiteElo "2068"]
[BlackElo "2589"]
[WhiteTeam "BRA"]
[BlackTeam "USA"]
[WhiteClock "0:00:28"]
[BlackClock "0:00:27"]

1. d4 d5 2. c4 c6 3. Nf3 Nf6 4. Nc3 e6 5. Bg5 Be7 6. e3 O-O 7. Rc1 h6 8. Bh4 Nbd7 9. Be2 dxc4 10. Bxc4 b5 11. Be2 Bb7 12. a3 a5 13. O-O Rc8 14. Bxf6 Nxf6 15. Ne5 Nd5 16. Ne4 Bd6 17. Nc5 Ba8 18. Bf3 Qe7 19. Ned3 Rfd8 20. b4 axb4 21. Nxb4 e5 22. Bxd5 cxd5 23. Qc2 Qg5 24. g3 Qg4 25. f3 Qg5 26. f4 exf4 27. exf4 Qf6 28. Qd2 Bxc5 29. dxc5 d4 30. Rfd1 Qf5 31. c6 Qe6 32. Rc5 Bxc6 33. Nxc6 Rxc6 34. Rxc6 Qxc6 35. Qb4 Qc4 36. Rb1 d3 37. Kf2 d2 38. Rd1 Qd3 39. Qxb5 Qxb5 0-1

[Event "December 19 Late 2023"]
[Site "https://www.chess.com"]
[Date "2023.12.19"]
[Round "1"]
[White "Colas, Joshua"]
[Black "Sabar Ethmane Daouda"]
[Result "1-0"]
[Board "139"]
[TimeControl "180+1"]
[WhiteFideId "2044447"]
[BlackFideId "19600097"]
[WhiteElo "2347"]
[BlackElo "1950"]
[WhiteTeam "USA"]
[BlackTeam "MTN"]
[WhiteClock "0:00:26"]
[BlackClock "0:00:00"]

1. Nf3 d5 2. c4 e6 3. g3 b6 4. Bg2 Bb7 5. O-O dxc4 6. Qa4+ Nd7 7. Qxc4 Ngf6 8. b3 Be7 9. Bb2 O-O 10. d3 c5 11. Qc2 Rc8 12. Nbd2 Qc7 13. Rac1 Qb8 14. Qb1 h6 15. a3 Qa8 16. Nc4 a5 17. a4 Nd5 18. Qa1 f6 19. Rfd1 Nb4 20. d4 Qa7 21. Na3 Bd5 22. Nb5 Qa8 23. Ne1 Bxg2 24. Nxg2 cxd4 25. Nxd4 Nc5 26. Qb1 e5 27. Nf5 Rfe8 28. Ba3 Bf8 29. Nge3 g6 30. Bxb4 axb4 31. Nd6 Bxd6 32. Qxg6+ Kf8 33. Qxf6+ Kg8 34. Qg6+ Kf8 35. Qxh6+ Kf7 36. Rxd6 1-0

[Event "December 19 Late 2023"]
[Site "https://www.chess.com"]
[Date "2023.12.19"]
[Round "1"]
[White "Schut, Han"]
[Black "Roebers, Eline"]
[Result "0-1"]
[Board "140"]
[TimeControl "180+1"]
[WhiteFideId "1005561"]
[BlackFideId "1058401"]
[WhiteElo "2024"]
[BlackElo "2587"]
[WhiteTeam "NED"]
[BlackTeam "NED"]
[WhiteClock "0:00:40"]
[BlackClock "0:01:06"]

1. e4 c5 2. Nf3 e6 3. c4 Nc6 4. d4 cxd4 5. Nxd4 Nf6 6. Nc3 d6 7. Be3 Be7 8. Be2 O-O 9. O-O a6 10. Qd2 Bd7 11. f3 Rc8 12. Rac1 Qa5 13. Nxc6 Bxc6 14. Nd5 Qd8 15. Nxe7+ Qxe7 16. Rfd1 Rfd8 17. Bb6 Rd7 18. b4 Ba4 19. Re1 Rc6 20. Bd4 Rdc7 21. b5 axb5 22. cxb5 Rc2 23. Rxc2 Rxc2 24. Qa5 Rxa2 25. Rc1 Rxe2 26. Rc8+ Ne8 27. Qxa4 e5 28. Bb6 Kf8 29. Qa8 Qd7 30. h3 Qxb5 31. Bc7 Ke7 32. Bd8+ Ke6 33. Bh4 Nf6 34. Bxf6 Kxf6 35. Rc7 Qb6+ 36. Kf1 Qf2# 0-1

[Event "December 19 Late 2023"]
[Site "https://www.chess.com"]
[Date "2023.12.19"]
[Round "1"]
[White "Derakhshani, Borna"]
[Black "Bolivar Losada, Jeison"]
[Result "1-0"]
[Board "141"]
[TimeControl "180+1"]
[WhiteFideId "12518450"]
[BlackFideId "4404793"]
[WhiteElo "2286"]
[BlackElo "2036"]
[WhiteTeam "ENG"]
[BlackTeam "COL"]
[WhiteClock "0:02:11"]
[BlackClock "0:00:10"]

1. d4 Nf6 2. Nc3 d6 3. e4 e5 4. dxe5 dxe5 5. Qxd8+ Kxd8 6. Bc4 Bb4 7. f3 Rf8 8. Bg5 c6 9. O-O-O+ Kc7 10. Nge2 a5 11. a3 Be7 12. g4 b5 13. Ba2 Be6 14. Bxe6 fxe6 15. Rhf1 b4 16. Nb1 Re8 17. a4 Nfd7 18. Be3 Na6 19. Bf2 Bc5 20. Bg3 Be3+ 21. Nd2 Nac5 22. b3 Kb7 23. Kb1 g5 24. Nc4 Bf4 25. Nd6+ Kc7 26. Nxe8+ Rxe8 27. Nxf4 exf4 28. Bf2 e5 29. Bxc5 Nxc5 30. Rd2 Ne6 31. Rfd1 Nd4 32. Rxd4 exd4 33. Rxd4 Rd8 34. Rxd8 Kxd8 35. c3 c5 36. cxb4 cxb4 37. Kc2 Kc7 38. Kd3 Kd6 39. Kc4 Kc6 40. h3 h6 41. e5 Kc7 42. Kd5 Kd7 43. e6+ Ke7 44. Ke5 Ke8 45. Kf6 Kf8 46. e7+ Ke8 47. Ke6 h5 48. gxh5 g4 49. h6 1-0

[Event "December 19 Late 2023"]
[Site "https://www.chess.com"]
[Date "2023.12.19"]
[Round "1"]
[White "Vila Dupla, Aurelio"]
[Black "Assylov, Miras"]
[Result "0-1"]
[Board "142"]
[TimeControl "180+1"]
[WhiteFideId "2203383"]
[BlackFideId "13728873"]
[WhiteElo "2009"]
[BlackElo "1991"]
[WhiteTeam "ESP"]
[BlackTeam "KAZ"]
[WhiteClock "0:00:00"]
[BlackClock "0:00:04"]

1. Nf3 g6 2. d4 Nf6 3. g3 b6 4. Bg2 Bb7 5. O-O Bg7 6. b3 O-O 7. Bb2 d6 8. Nbd2 Nbd7 9. c4 e6 10. Qc2 c5 11. Rad1 Qe7 12. Rfe1 e5 13. dxe5 dxe5 14. e4 Ne8 15. Nb1 Nc7 16. Nc3 Ne6 17. Nd5 Qd8 18. Bh3 Nd4 19. Nxd4 cxd4 20. Bc1 Nc5 21. Qd2 b5 22. Qg5 f6 23. Qh4 bxc4 24. bxc4 Bxd5 25. cxd5 Qa5 26. Re2 Na4 27. Bd2 Qa6 28. Bf1 Nb2 29. Rc1 Qxa2 30. Bh6 Rac8 31. Rxc8 Rxc8 32. Bxg7 Kxg7 33. Kg2 Qa3 34. Qg4 Rd8 35. Qe6 Nd3 36. Rc2 Qd6 37. Qxd6 Rxd6 38. Rc7+ Kh6 39. Rxa7 Nc5 40. Rc7 Nxe4 41. Rc6 Rxd5 42. Bd3 Nc5 43. Be4 Nxe4 44. Rc8 Rd6 45. h4 d3 46. h5 d2 0-1

[Event "December 19 Late 2023"]
[Site "https://www.chess.com"]
[Date "2023.12.19"]
[Round "1"]
[White "Estrada Nieto, Julian"]
[Black "Pert, Nina"]
[Result "1-0"]
[Board "143"]
[TimeControl "180+1"]
[WhiteFideId "5101018"]
[BlackFideId "456853"]
[WhiteElo "2161"]
[BlackElo "1726"]
[WhiteTeam "ESP"]
[BlackTeam "ENG"]
[WhiteClock "0:00:17"]
[BlackClock "0:00:07"]

1. e4 c6 2. d4 d5 3. exd5 cxd5 4. Bd3 Nc6 5. c3 Qc7 6. Ne2 Bg4 7. h3 Bxe2 8. Qxe2 Nxd4 9. Qd1 Nc6 10. Na3 a6 11. O-O e6 12. c4 Rd8 13. cxd5 Rxd5 14. Qc2 Nf6 15. Be3 Rd8 16. Rac1 Bxa3 17. bxa3 O-O 18. Bxa6 bxa6 19. Qxc6 Qa5 20. Bb6 Qxa3 21. Bxd8 Rxd8 22. Rfd1 Rf8 23. Qc8 h6 24. Rd8 Rxd8 25. Qxd8+ Kh7 26. Qd2 g6 27. Rc7 Kg7 28. Qe2 a5 29. Qxe6 Qf8 30. Ra7 a4 31. Qe5 Qb4 32. Ra6 Qe1+ 33. Qxe1 1-0

[Event "December 19 Late 2023"]
[Site "https://www.chess.com"]
[Date "2023.12.19"]
[Round "1"]
[White "Kovacevic, Radmila"]
[Black "Przybylski, Wojciech"]
[Result "0-1"]
[Board "144"]
[TimeControl "180+1"]
[WhiteFideId "933171"]
[BlackFideId "1117599"]
[WhiteElo "2052"]
[BlackElo "2203"]
[WhiteTeam "SRB"]
[BlackTeam "POL"]
[WhiteClock "0:00:01"]
[BlackClock "0:00:44"]

1. e4 e5 2. d4 exd4 3. Qxd4 Nc6 4. Qe3 Nf6 5. Bd2 Bb4 6. c3 Be7 7. c4 O-O 8. Nc3 d6 9. h3 Be6 10. f4 Re8 11. f5 Bxf5 12. O-O-O Bg6 13. Nf3 Bf8 14. Bd3 Ne5 15. Nxe5 Rxe5 16. Qf3 h6 17. g4 Re6 18. Rde1 Nd7 19. Bc2 Ne5 20. Qf1 c6 21. Ne2 Nxc4 22. Nf4 Nxd2 23. Kxd2 Qa5+ 24. Kc1 Qxa2 25. Nxe6 Qxe6 26. Kb1 a5 27. Qf3 a4 28. h4 a3 29. bxa3 Qe5 30. h5 Bh7 31. Rhf1 Qe6 32. Qb3 Qxb3+ 33. Bxb3 d5 34. a4 Bxe4+ 35. Rxe4 dxe4 36. Rxf7 Kh8 37. Rxb7 e3 38. Kc2 Re8 39. Kd1 e2+ 40. Ke1 Bd6 41. Be6 Rxe6 42. Rb3 Bf4 43. Rd3 Bc7 44. a5 Bxa5+ 0-1

[Event "December 19 Late 2023"]
[Site "https://www.chess.com"]
[Date "2023.12.19"]
[Round "1"]
[White "Keleberda, Tymur"]
[Black "Porat, Tori"]
[Result "1-0"]
[Board "145"]
[TimeControl "180+1"]
[WhiteFideId "14174294"]
[BlackFideId "30982626"]
[WhiteElo "2198"]
[BlackElo "1693"]
[WhiteTeam "CAN"]
[BlackTeam "USA"]
[WhiteClock "0:00:39"]
[BlackClock "0:00:04"]

1. e4 c5 2. Nf3 Nc6 3. Bb5 e6 4. O-O Nge7 5. b3 a6 6. Be2 Ng6 7. Re1 e5 8. Bb2 d6 9. c3 Be7 10. d4 cxd4 11. cxd4 O-O 12. d5 Nb8 13. Nbd2 Nd7 14. a4 Nf4 15. Bf1 Nf6 16. g3 Ng6 17. Bg2 Bd7 18. a5 b6 19. axb6 Qxb6 20. Nc4 Qa7 21. Ba3 Ng4 22. Qd2 Qb8 23. h3 Nf6 24. Qe3 Rd8 25. Rec1 h6 26. Rc3 a5 27. Rac1 Bb5 28. Nb6 Ra6 29. Na4 Bxa4 30. bxa4 Rb6 31. Bf1 Ne8 32. Bb5 Nf6 33. Rc6 Kh7 34. Rxb6 Qa7 35. Rbc6 Qxe3 36. fxe3 Nxe4 37. Rc7 Bf6 38. Rxf7 Kg8 39. Rb7 Kh7 40. Rcc7 Rg8 41. Kg2 Ng5 42. Nxg5+ Bxg5 43. Bd3 Bxe3 44. Bxd6 Bd4 45. Be4 h5 46. Ba3 Kh6 47. Bc1+ Kh7 48. Rc6 1-0

[Event "December 19 Late 2023"]
[Site "https://www.chess.com"]
[Date "2023.12.19"]
[Round "1"]
[White "Chemin, Justo Reinaldo"]
[Black "Richter, Paul"]
[Result "1-0"]
[Board "146"]
[TimeControl "180+1"]
[WhiteFideId "2101580"]
[BlackFideId "2046350"]
[WhiteElo "1940"]
[BlackElo "2576"]
[WhiteTeam "BRA"]
[BlackTeam "USA"]
[WhiteClock "0:00:14"]
[BlackClock "0:00:00"]

1. e4 c5 2. Nf3 d6 3. d4 cxd4 4. Nxd4 Nf6 5. Nc3 g6 6. Be3 Bg7 7. f3 O-O 8. Qd2 Nc6 9. Bc4 Bd7 10. O-O-O Rb8 11. h4 b5 12. Bb3 a5 13. Ndxb5 a4 14. Bxa4 Qa5 15. b3 Rfc8 16. h5 Nb4 17. a3 Bxb5 18. axb4 Qa6 19. Nxb5 Rxb5 20. Qd3 Rcb8 21. hxg6 hxg6 22. Bxb5 Rxb5 23. Kd2 Qc6 24. Ke2 Rxb4 25. Ra1 Rb8 26. Ra6 Qc7 27. Rha1 d5 28. Ra7 Qg3 29. Kf1 dxe4 30. Qe2 exf3 31. Qxf3 Qe5 32. Bf4 Qb5+ 33. c4 Qxb3 34. Bxb8 Qxc4+ 35. Qe2 Nd5 36. Rd7 Qf4+ 37. Qf3 1-0

[Event "December 19 Late 2023"]
[Site "https://www.chess.com"]
[Date "2023.12.19"]
[Round "1"]
[White "Spata, German"]
[Black "Clarke, Matthew"]
[Result "1-0"]
[Board "147"]
[TimeControl "180+1"]
[WhiteFideId "113026"]
[BlackFideId "3227804"]
[WhiteElo "2260"]
[BlackElo "2026"]
[WhiteTeam "ARG"]
[BlackTeam "AUS"]
[WhiteClock "0:00:06"]
[BlackClock "0:00:02"]

1. Nf3 d5 2. e3 Nf6 3. b3 Bf5 4. Bb2 e6 5. Be2 h6 6. O-O Bd6 7. c4 c6 8. cxd5 exd5 9. d3 O-O 10. a3 Re8 11. b4 a5 12. Qb3 Na6 13. Bc3 a4 14. Qb2 Nc7 15. Bxf6 Qxf6 16. Qxf6 gxf6 17. Nc3 Ne6 18. d4 Nf8 19. b5 Nd7 20. Rfc1 Nb6 21. bxc6 bxc6 22. Nd1 Rec8 23. Nb2 c5 24. dxc5 Bxc5 25. Bd3 Be6 26. Bb5 Ra5 27. Be2 Bd6 28. Rxc8+ Bxc8 29. Nd4 Bd7 30. Nc2 Rc5 31. Nb4 Rc3 32. N2d3 Be6 33. g3 Nc4 34. Bd1 Bd7 35. Nxd5 Rxd3 36. Nxf6+ Kg7 37. Nxd7 Nb2 38. Be2 Rxa3 39. Rb1 Rb3 40. Bd1 Nxd1 41. Rxd1 a3 42. Rxd6 a2 43. Ra6 Rb1+ 44. Kg2 a1=Q 45. Rxa1 Rxa1 46. Nc5 Ra7 47. Nd3 Ra2 48. Nf4 Kf6 49. Kf3 Kg7 50. h3 Ra6 51. g4 Ra7 52. Nh5+ Kg6 53. Ng3 Kf6 54. Nf5 Kg6 55. Kf4 Rd7 56. e4 Rd1 57. Nh4+ Kf6 58. e5+ Kg7 59. Nf5+ Kg6 60. h4 Rd2 61. h5+ Kh7 62. f3 Ra2 63. Nd6 Kg7 64. Ne8+ Kf8 65. Nf6 Ra3 66. Ne4 Kg7 67. Nd6 Rb3 68. Nf5+ Kh7 69. Kg3 Ra3 70. Nd6 Re3 71. Nxf7 Kg7 72. Kf4 Ra3 73. Nd6 Ra4+ 74. Kf5 Ra3 75. f4 Ra5 76. Ne4 Rb5 77. Nf6 Ra5 78. g5 Rb5 79. Ng4 hxg5 80. Kxg5 Ra5 81. h6+ Kf7 82. h7 Kg7 83. Nf6 Rb5 84. Kf5 Ra5 85. Kg4 Rb5 86. e6 Rb8 87. Kg5 Re8 88. f5 Rh8 89. e7 Ra8 90. e8=Q Rxe8 91. Nxe8+ Kxh7 92. Kf6 Kg8 93. Ke7 1-0

[Event "December 19 Late 2023"]
[Site "https://www.chess.com"]
[Date "2023.12.19"]
[Round "1"]
[White "Melamed, Daniel"]
[Black "Hasanagic, Anel"]
[Result "1-0"]
[Board "148"]
[TimeControl "180+1"]
[WhiteFideId "3229076"]
[BlackFideId "14605791"]
[WhiteElo "1908"]
[BlackElo "2209"]
[WhiteTeam "AUS"]
[BlackTeam "SLO"]
[WhiteClock "0:00:43"]
[BlackClock "0:00:11"]

1. d4 f5 2. Bg5 d5 3. Nf3 Nd7 4. c4 c6 5. e3 Ngf6 6. Nc3 e6 7. Be2 Be7 8. O-O O-O 9. Rb1 Ne4 10. Bxe7 Qxe7 11. Qc2 Rf6 12. b4 Nf8 13. b5 Bd7 14. bxc6 bxc6 15. Rb7 Rh6 16. Rfb1 Qf6 17. Rc7 Qd8 18. Rbb7 Rc8 19. Rxc8 Qxc8 20. Rxa7 Qb8 21. Ra3 Ng6 22. Qb3 Qd6 23. Ra8+ Kf7 24. g3 Nxc3 25. Qxc3 f4 26. exf4 Nxf4 27. Ne5+ Ke7 28. gxf4 1-0

[Event "December 19 Late 2023"]
[Site "https://www.chess.com"]
[Date "2023.12.19"]
[Round "1"]
[White "Rodriguez Fontecha, Marcos"]
[Black "Onslow, Alfie"]
[Result "1-0"]
[Board "149"]
[TimeControl "180+1"]
[WhiteFideId "2256576"]
[BlackFideId "436976"]
[WhiteElo "2249"]
[BlackElo "2114"]
[WhiteTeam "ESP"]
[BlackTeam "ENG"]
[WhiteClock "0:00:26"]
[BlackClock "0:00:00"]

1. Nf3 Nf6 2. g4 Nxg4 3. e4 d5 4. exd5 Qxd5 5. Nc3 Qa5 6. Bc4 e6 7. d4 c6 8. Rg1 Nf6 9. Bf4 Nbd7 10. Qd3 Nb6 11. Bb3 Nbd5 12. Bd2 Nxc3 13. Bxc3 Qh5 14. O-O-O Be7 15. Rg5 Qh6 16. Bd2 g6 17. Ne5 Qg7 18. Rg3 Bd7 19. Rf3 a5 20. a3 b5 21. Bg5 Ra7 22. Re1 a4 23. Ba2 b4 24. axb4 a3 25. bxa3 O-O 26. Qd2 Rfa8 27. Bh6 Qh8 28. Nxd7 Rxd7 29. Rxe6 Nd5 30. Rxc6 Bxb4 31. axb4 Rda7 32. c3 1-0

[Event "December 19 Late 2023"]
[Site "https://www.chess.com"]
[Date "2023.12.19"]
[Round "1"]
[White "Kula, Robert"]
[Black "Postlmayer, Jakob"]
[Result "0-1"]
[Board "150"]
[TimeControl "180+1"]
[WhiteFideId "1101218"]
[BlackFideId "1643622"]
[WhiteElo "2180"]
[BlackElo "2337"]
[WhiteTeam "POL"]
[BlackTeam "AUT"]
[WhiteClock "0:02:09"]
[BlackClock "0:02:01"]

1. e4 c6 2. d4 d5 3. e5 Bf5 4. g4 Be4 5. f3 Bg6 6. h4 h5 7. Bd3 Bxd3 8. Qxd3 e6 9. Bg5 Qb6 10. Nc3 c5 11. dxc5 Bxc5 12. O-O-O Qa6 13. Nb5 Qb6 14. Ne2 Nd7 0-1

[Event "December 19 Late 2023"]
[Site "https://www.chess.com"]
[Date "2023.12.19"]
[Round "1"]
[White "Pulpan, Jakub"]
[Black "Palmer, Reegan"]
[Result "1-0"]
[Board "151"]
[TimeControl "180+1"]
[WhiteFideId "302759"]
[BlackFideId "14322145"]
[WhiteElo "2501"]
[BlackElo "1814"]
[WhiteTeam "CZE"]
[BlackTeam "RSA"]
[WhiteClock "0:01:56"]
[BlackClock "0:02:22"]

1. c4 Nf6 2. Nc3 g6 3. d4 Bg7 4. Nf3 c5 5. g3 O-O 6. Bg2 d6 7. O-O e6 8. b3 Nc6 9. Bb2 Qc7 10. Rc1 a6 11. Qd2 cxd4 12. Nxd4 Nxd4 13. Qxd4 Nd7 14. Qxg7+ Kxg7 15. Nd5+ 1-0